 Dungeon Crawl Stone Soup version 0.31-a0-968-g24f9ace8b5 (webtiles) character file.

Game seed: 8561270404156160076

25 Maratek the Trooper (level 2, 0/24 HPs)
             Began as a Demonspawn Fighter on Oct 27, 2023.
             Slain by an orc
             ... wielding a +0 dagger
              (3 damage)
             ... on level 2 of the Dungeon.
             The game lasted 00:01:06 (1103 turns).

Maratek the Trooper (Demonspawn Fighter)            Turns: 1103, Time: 00:01:06

Health: 0/24       AC:  6    Str: 16    XL:     2   Next: 86%
Magic:  2/2        EV:  9    Int:  9    God:
Gold:   4          SH:  4    Dex: 12    Spells: 1/1 levels left

rFire   . . .        a - +0 war axe
rCold   . . .        c - +0 buckler
rNeg    . . .        b - +0 scale mail
rPois   .            (no helmet)
rElec   .            (no cloak)
rCorr   .            (no gloves)
SInv    .            (no boots)
Will    .....        (no amulet) Stlth
                     (no ring)
HPRegen 0.24/turn    (no ring)
MPRegen 0.08/turn

%: no passive effects
@: lethally poisoned (0 -> -4)
A: weakness stinger 1
a: no special abilities


You were on level 2 of the Dungeon.
You visited 1 branch of the dungeon, and saw 2 of its levels.

You collected 4 gold pieces.

Inventory:

Hand Weapons
 a - a +0 war axe (weapon)
Armour
 b - a +0 scale mail (worn)
 c - a +0 buckler (worn)
Scrolls
 h - 2 scrolls of revelation {unknown}
 j - a scroll of enchant armour {unknown}
 l - a scroll of teleportation {unknown}
Potions
 d - a potion of might
 e - a potion of attraction {unknown}
 f - a potion of berserk rage {unknown}
 g - a potion of magic {unknown}
 i - a potion of invisibility {unknown}
 k - a potion of haste {unknown}


   Skills:
 + Level 3.3 Fighting
 + Level 2.1 Axes
 + Level 2.9 Armour
 + Level 0.2 Dodging
 + Level 2.9 Shields


You had one spell level left.
You didn't know any spells.
Your spell library was empty.

Dungeon Overview and Level Annotations

Branches:
Dungeon (2/15)

Altars:

Annotations:
D:2 Terence


Innate Abilities, Weirdness & Mutations

You have a small tail.


Message History

You are poisoned.
The adder poisons you!
You barely miss the orc.
The orc is moderately wounded.
You hit the orc priest but do no damage.
You closely miss the adder.
You feel very sick. The orc priest hits you with a +0 club.
The adder bites you. You block the orc priest's attack.
You closely miss the orc priest. You barely miss the adder. You slash the orc!
You kill the orc!
You feel sick. The adder bites you but does no damage.
The adder barely misses you. The orc priest closely misses you.
Terence shouts, "DIE!!!"
You barely miss the orc priest.
Your tail-slap misses the orc priest.
You closely miss Terence. You barely miss the orc. You closely miss the adder.
You feel sick. The adder bites you. The orc hits you but does no damage.
The orc priest hits you but does no damage.
Terence hits you but does no damage. The adder bites you.
* * * LOW HITPOINT WARNING * * *
Unknown command.
You are too injured to fight recklessly!
Unknown command.
You are too injured to fight recklessly!
Unknown command.
You are too injured to fight recklessly!
Unknown command.
You are too injured to fight recklessly!
Unknown command.
You completely miss the orc priest. You tail-slap the orc priest.
The orc priest is moderately wounded.
You hit Terence but do no damage. You closely miss the orc. x2
You miss the adder.
You feel sick. The adder bites you but does no damage.
You block the orc's attack. You block Terence's attack.
The orc priest looks encouraged for a moment.
You block the orc's attack. The adder bites you.
* * * LOW HITPOINT WARNING * * *
You are lethally poisoned!
The adder poisons you! The orc hits you with a +0 dagger.
You die...

### ..#. #
>..##### ##.#
#...... .#. .
#.....# .. .
.###...o# .# .#
..<...oS###.###.#
#..o@##.?.....
#..o.@..##.###.#
#?.####.#.......
#.....#..(##.##
#.....#.#.#...
#<#.....#... #.
#.#...#.#.#.#..
(....##...#...#
...#.##.#.#.#..


You could see Terence, an orc priest, an adder and 3 orcs.

Vanquished Creatures
  An orc (D:2)
  5 endoplasms
  4 goblins (D:1)
  2 hobgoblins (D:1)
  2 ball pythons
  2 bats
  A frilled lizard (D:1)
  4 kobolds (D:1)
  4 rats (D:1)
25 creatures vanquished.

Notes
Turn   | Place    | Note
-------+----------+-------------------------------------------
     0 | D:1      | Maratek the Demonspawn Fighter began the quest for the Orb.
     0 | D:1      | Reached XP level 1. HP: 18/18 MP: 1/1
   186 | D:1      | Gained mutation: You have a small tail. [demonic ancestry]
   186 | D:1      | Reached XP level 2. HP: 24/24 MP: 2/2
   208 | D:1      | Found a faded altar of an unknown god.
  1096 | D:2      | Noticed Terence
  1103 | D:2      | Slain by an orc

Illustrated notes

Levels and vault maps discovered:
D:1:      lightli_arrival_lavapool, layout_basic,
          hellmonk_ecumenical_altar_heavens_door, chequers_serial_rivers_room_a
D:2:      layout_rooms, basic_altar, nicolae_concentric_dashed_squares_wild,
          uniq_crazy_yiuf_cottage, uniq_terence

Skill      XL: |  1  2 |
---------------+-------+-----
Axes           | 2 |  2.1
Fighting       | |  3.3
Armour         | |  2.9
Dodging        | |  0.2
Shields        | |  2.9

Action                     || total
---------------------------++-------
  Melee: War axe           ||    51
         Tailslap          ||     5
 Armour: Scale mail        ||    41
  Dodge: Dodged            ||    23
  Block: Buckler           ||    12

Table legend: (Time is in decaauts)
 A = Elapsed time spent in this place.
 B = Non-inter-level travel time spent in this place.
 C = Inter-level travel time spent in this place.
 D = Time resting spent in this place.
 E = Time spent auto-exploring this place.
 F = Levels seen in this place.
 G = Mean time per level.
                   A        B        C        D        E       F      G
               +--------+--------+--------+--------+--------+-----+--------+
         Total |   1125 |   1016 |    109 |      0 |    855 |   2 |  562.5 |
       Dungeon |   1125 |   1016 |    109 |      0 |    855 |   2 |  562.5 |
               +--------+--------+--------+--------+--------+-----+--------+

Top non-repeatable levels by time:
     D:1: 1092 daAuts
     D:2: 32 daAuts
